Map: Base du roi Sejong EC

Players

literak - Winner!

  • Race: Zerg Zerg
  • League: Platinum
  • Spawn Location: 11:00

zidar

  • Race: Zerg Zerg
  • League: Platinum
  • Spawn Location: 5:00

VOD

Have the link to the VOD?

Description

Time

  • Played on: Nov. 7, 2016, 10:33 a.m.
  • Length: 11:27
Show
View Real Time Build Order
Export as new Build Order

literak Zerg - Winner!

Build Orders: Hatch First 

Get SALT Encoding   

  12  0:01  Drone  
  13  0:14  Overlord  
  13  0:18  Drone  
  14  0:33  Drone x2  
  16  0:37  Drone  
  17  0:57  Hatchery  
  16  1:13  Spawning Pool  
  16  1:15  Extractor, Drone  
  16  1:17  Drone  
  16  1:21  Drone  
  17  1:32  Drone  
  18  1:43  Drone  
  19  2:00  Queen  
  21  2:01  Zergling x2  
  21  2:02  Overlord  
  22  2:10  Queen, Drone  
  22  2:12  Zergling x2  
  26  2:21  Metabolic Boost  
  26  2:27  Drone  
  26  2:29  Drone  
  28  2:42  Drone x2  
  30  2:46  Roach Warren  
  30  2:50  Zergling x4  
  31  2:52  Drone  
  32  3:07  Zergling x2, Drone x2  
  35  3:13  Extractor  
  34  3:21  Drone x2  
  34  3:22  Overlord x2  
  36  3:29  Evolution Chamber  
  36  3:32  Drone  
  36  3:42  Drone x4  
  36  3:45  Roach x3  
  46  3:54  Evolution Chamber  
  45  4:10  Zerg Missile Weapons Level 1  
  45  4:12  Drone  
  45  4:13  Drone  
  45  4:15  Spine Crawler  
  46  4:20  Zerg Ground Armor Level 1  
  46  4:21  Roach  
  46  4:22  Roach x2  
  46  4:23  Overlord  
  52  4:28  Pneumatized Carapace  
  52  4:31  Extractor  
  51  4:36  Drone  
  51  4:37  Overlord  
  51  4:59  Drone x3  
  54  5:00  Drone  
  54  5:03  Roach  
  54  5:04  Roach x2  
  60  5:12  Zergling x2  
  60  5:13  Roach  
  60  5:14  Roach x4  
  54  5:34  Roach x5  
  62  5:36  Drone x2  
  63  5:47  Drone  
  63  5:48  Drone x2  
  66  5:53  Lair  
  66  6:07  Burrow  
  66  6:08  Drone  
  67  6:22  Overlord x2  
  63  6:45  Roach  
  63  6:46  Roach x8  
  79  6:56  Zerg Missile Weapons Level 2  
  79  7:04  Zerg Ground Armor Level 2  
  79  7:07  Extractor  
  78  7:09  Hatchery  
  77  7:27  Spine Crawler  
  77  7:28  Spine Crawler x2  
  74  7:33  Ravager  
  74  7:34  Ravager x2  
  77  7:47  Overlord  
  77  8:04  Drone x7  
  84  8:18  Extractor, Drone x2  
  84  8:19  Extractor  
  84  8:20  Drone x8  
  84  8:21  Drone  
  84  8:25  Queen  
  95  8:37  Drone x2  
  95  8:39  Drone  
  95  8:40  Overlord  
  95  8:41  Overlord  
  69  9:25  Hydralisk Den  
  69  9:28  Roach x7  
  69  9:29  Infestation Pit  
  67  9:31  Drone x7  
  67  9:34  Roach x14  
  67  9:35  Roach  
  104  9:54  Hatchery  
  103  10:02  Muscular Augments, Glial Reconstitution  
  103  10:06  Hive  
  103  10:23  Drone x3  
  103  10:28  Ravager x8  
  113  10:33  Spore Crawler  
  111  10:37  Spore Crawler  
  111  10:38  Spore Crawler  
  111  10:40  Hydralisk x3  
  111  10:41  Hydralisk x3  
  93  10:58  Spine Crawler  
  93  11:01  Hydralisk x3  
  92  11:06  Zergling x16  
  96  11:13  Spore Crawler  
  95  11:21  Ravager  
  95  11:22  Ravager x3  
  95  11:23  Ravager x3  
Show
View Real Time Build Order
Export as new Build Order

zidar Zerg 

Build Orders: Pool First 

Get SALT Encoding   

  12  0:01  Drone  
  13  0:12  Overlord  
  13  0:17  Drone  
  14  0:30  Drone x2  
  16  0:51  Spawning Pool  
  16  0:53  Drone  
  16  0:56  Extractor  
  15  0:58  Drone x2  
  17  1:27  Hatchery  
  16  1:43  Zergling x2  
  16  1:44  Roach Warren, Zergling x2  
  17  2:03  Drone  
  17  2:04  Drone  
  17  2:05  Queen  
  21  2:09  Overlord  
  21  2:32  Drone  
  22  2:41  Extractor  
  20  2:45  Queen  
  20  2:47  Drone x2  
  24  2:54  Drone x2  
  26  3:02  Drone x2  
  28  3:11  Overlord x2  
  28  3:28  Roach x3  
  28  3:29  Roach  
  36  3:51  Roach x4  
  44  4:12  Roach x4  
  44  4:16  Overlord  
  52  4:32  Overlord x2  
  36  5:31  Roach x2  
  36  5:32  Roach x10  
  50  5:49  Roach x2  
  56  5:50  Roach  
  56  6:09  Roach x4  
  64  6:14  Roach  
  64  6:16  Roach  
  66  6:46  Lair  
  66  6:48  Drone x6  
  72  7:05  Drone  
  73  7:17  Roach  
  73  7:18  Drone  
  73  7:19  Overlord  
  73  7:20  Overlord x3  
  76  7:42  Roach x6  
  76  7:43  Roach  
  90  8:18  Spire  
  89  8:25  Extractor  
  88  8:41  Roach x9  
  66  9:18  Overseer  
  66  9:39  Mutalisk x2  
  66  9:40  Mutalisk x6  
  82  10:01  Mutalisk  
  84  10:17  Zergling x16  
  84  10:45  Mutalisk x3  
Tags
 
Add a new tag
Caveats
  • Supply blocks, unpowered buildings, or Contaminate may cause inaccurate times.
  • Supply counts are checked every 10 seconds.